 Dungeon Crawl Stone Soup version 0.29-a0-414-g5075937ec3 (webtiles) character file.

Game seed: 7838300705122126298

675 croobank the Covert (level 7, -10/60 HPs)
             Began as a Gnoll Delver on May 15, 2022.
             Was an Initiate of Gozag.
             Mangled by Menkaure (16 damage)
             ... on level 5 of the Dungeon.
             The game lasted 00:25:08 (4791 turns).

croobank the Covert (Gnoll Delver)                  Turns: 4791, Time: 00:25:09

Health: -10/60     AC:  8    Str: 17    XL:     7   Next: 59%
Magic:  2/10       EV: 13    Int: 11    God:    Gozag
Gold:   1089       SH:  0    Dex: 14    Spells: 7/11 levels left

rFire   + + .      SeeInvis .   a - +0 hand axe
rCold   + . .      Faith    .   (no shield)
rNeg    . . .      Spirit   .   i - +2 ring mail {rF+}
rPois   +          Reflect  .   j - +0 helmet
rElec   +          Harm     .   (no cloak)
rCorr   +          Rampage  .   (no gloves)
Will    .....                   (no boots)
Stlth   ++++......              (no amulet)
HPRegen 0.20/turn               e - +6 ring of strength
MPRegen 0.12/turn               (no ring)

@: resistant
A: fangs 1, strong nose, distributed training
a: Renounce Religion, Potion Petition, Call Merchant, Bribe Branch


You were on level 5 of the Dungeon.
You worshipped Gozag.
Gozag was most pleased with you.
You visited 2 branches of the dungeon, and saw 7 of its levels.

You collected 1169 gold pieces.
You paid 80 gold pieces to Gozag.

Inventory:

Hand Weapons
 a - a +0 hand axe (weapon)
 d - a +0 whip of electrocution
 k - a +0 long sword
 n - a +0 hunting sling
 w - a +0 hunting sling
 z - a +2 whip of venom
Missiles
 m - 4 boomerangs (quivered)
 p - 73 stones
 v - 6 poisoned darts
Armour
 b - a +0 leather armour
 i - a +2 ring mail of fire resistance (worn)
 j - a +0 helmet (worn)
 l - a +0 robe of resistance
 y - the +2 robe "Yruduod" {Fly}
   (You took it off a hobgoblin on level 4 of the Dungeon)

   Fly:       It grants you flight.
Jewellery
 e - a +6 ring of strength (left hand)
Wands
 f - a wand of polymorph (5)
 g - a wand of digging (3)
Scrolls
 c - a scroll of fog
Potions
 h - 3 potions of brilliance
 o - 2 potions of mutation
 r - a potion of attraction
 t - a potion of haste
 u - a potion of curing


   Skills:
 + Level 7.1 Fighting
 + Level 2.6 Short Blades
 + Level 2.6 Long Blades
 + Level 5.3 Axes
 + Level 2.6 Maces & Flails
 + Level 2.6 Polearms
 + Level 2.6 Staves
 + Level 2.6 Slings
 + Level 2.6 Bows
 + Level 2.6 Crossbows
 + Level 2.6 Throwing
 + Level 2.6 Armour
 + Level 5.3 Dodging
 + Level 9.9 Stealth
 + Level 2.6 Shields
 + Level 2.6 Unarmed Combat
 + Level 2.6 Spellcasting
 + Level 2.1 Conjurations
 + Level 2.1 Hexes
 + Level 2.1 Summonings
 + Level 2.1 Necromancy
 + Level 2.1 Translocations
 + Level 2.1 Transmutations
 + Level 2.1 Fire Magic
 + Level 2.1 Ice Magic
 + Level 2.1 Air Magic
 + Level 2.1 Earth Magic
 + Level 2.1 Poison Magic
 + Level 2.9 Invocations
 + Level 2.6 Evocations


You had 7 spell levels left.
You knew the following spells:

 Your Spells              Type           Power      Damage    Failure   Level
a - Iskenderun's Mystic   Conj/Tloc      6%         2d4       90%         4

Your spell library contained the following spells:

 Spells                   Type           Power      Damage    Failure   Level
 Sublimation of Blood     Necr           6%         N/A       30%         2
 Dazzling Flash           Conj/Hex       12%        N/A       52%         3
 Lesser Beckoning         Tloc           6%         N/A       52%         3
 Petrify                  Tmut/Erth      6%         N/A       90%         4
 Excruciating Wounds      Necr           3%         N/A       99%         5
 Irradiate                Conj/Tmut      3%         3d14      99%         5
 Manifold Assault         Tloc           6%         N/A       99%         5
 Starburst                Conj/Fire      3%         6d3       100%        6
 Haunt                    Necr/Summ      3%         N/A       100%        7


Dungeon Overview and Level Annotations

Branches:
Dungeon (6/15)             Temple (1/1) D:4

Altars:
Ashenzari
Cheibriados
Dithmenos
Elyvilon
Fedhas
Gozag
Hepliaklqana
Kikubaaqudgha
Makhleb
Nemelex Xobeh
Okawaru
Qazlal
Ru
Sif Muna
Uskayaw
Vehumet
Wu Jian
Xom
Yredelemnul
Zin
The Shining One

Shops:
D:5 !

Annotations:
D:4 Eustachio
D:5 Menkaure, Natasha


Innate Abilities, Weirdness & Mutations

You have very sharp teeth.
Your uncanny sense of smell can sniff out nearby items.
Your experience applies equally to all skills.


Message History

The spell is extremely dangerous to miscast (90% risk of failure)!
Continue anyway?
You miscast Iskenderun's Mystic Blast.
You are very lightly contaminated with residual magic.
You are caught in a field of spatial distortion.
You are magically locked in place.
You flicker for a moment.
Natasha mumbles some strange words.
Menkaure closely misses you.
Casting: Iskenderun's Mystic Blast (extremely dangerous; 90% risk of failure)
Confirm with . or Enter, or press ? or * to list all spells.
The spell is extremely dangerous to miscast (90% risk of failure)!
Continue anyway?
You miscast Iskenderun's Mystic Blast.
Nothing appears to happen.
Menkaure calls on the powers of darkness!
Your body is wracked with pain!
* * * LOW HITPOINT WARNING * * *
Natasha convulses!
Natasha zaps a wand.
The puff of flame hits you but does no damage.
The now-empty wand crumbles to dust.
The white imp shouts, "Flee, thou jarring spleeny tiddler!"
Casting: Iskenderun's Mystic Blast (extremely dangerous; 90% risk of failure)
Confirm with . or Enter, or press ? or * to list all spells.
Okay, then.
It was a potion of cancellation.
Your magical effects are unravelling.
You feel magically purged.
Your magical contamination has completely faded away.
You flicker back into view.
You are no longer locked in place.
Menkaure calls on the powers of darkness!
Your body is wracked with pain!
* * * LOW HITPOINT WARNING * * *
Natasha convulses!
Natasha closely misses you.
Menkaure calls on the powers of darkness!
Your body is wracked with pain!
* * * LOW HITPOINT WARNING * * *
Natasha convulses!
It was a potion of resistance.
You feel protected. Natasha misses you. Menkaure hits you!
You die...
Your body crumbles into a pile of gold.

..................#
..................##
###................##
#..................
#..................
..#................
.####.....$........
#.......h......
##......@5..#..
###.......M..## #
............#
#####......##
#...#.....)#
#.>.#......#
#...#......#
#.∩.#.....## #...#


You could see Menkaure (fast), Natasha (empowered) and a white imp (summoned).

Vanquished Creatures
  Pikel (D:4)
  A scorpion (D:4)
  An orc priest (D:3)
  Robin (D:2)
  4 gnolls
  2 adders (D:3)
  An ufetubus (D:4)
  3 worms (D:2)
  A dart slug (D:3)
  3 orcs (D:3)
  3 bats
  6 endoplasms
  A giant cockroach (D:2)
  11 goblins
  9 hobgoblins
  6 jackals
  8 kobolds
  A quokka (D:3)
  6 ball pythons
  A frilled lizard (D:2)
  6 rats
76 creatures vanquished.

Notes
Turn   | Place    | Note
-------+----------+-------------------------------------------
     0 | D:5      | Reached skill level 9 in Stealth
     0 | D:5      | croobank the Gnoll Delver began the quest for the Orb.
     0 | D:5      | Reached XP level 1. HP: 23/23 MP: 1/1
    12 | D:6      | Noticed a jelly
    24 | D:6      | Noticed an iguana
    26 | D:6      | Noticed a hound
    27 | D:6      | Noticed a hound
    37 | D:5      | Noticed a gnoll shaman
    37 | D:5      | Noticed an orc wizard
    67 | D:5      | Reached XP level 2. HP: 17/29 MP: 2/2
   108 | D:4      | Noticed Pikel
   108 | D:4      | Noticed a lemure
   108 | D:4      | Noticed a lemure
   108 | D:4      | Noticed a lemure
   108 | D:4      | Noticed a lemure
   137 | D:4      | Noticed Natasha
   138 | D:4      | Noticed a scorpion
   173 | D:4      | Identified the +2 robe "Yruduod" {Fly}
   406 | D:2      | Found a sacrificial altar of Ru.
   431 | D:2      | Noticed Robin
   467 | D:3      | Reached XP level 3. HP: 12/35 MP: 3/3
   826 | D:2      | Found a faded altar of an unknown god.
   862 | D:1      | Reached skill level 1 in Invocations
  1202 | D:1      | Reached skill level 1 in Short Blades
  1202 | D:1      | Reached skill level 1 in Long Blades
  1202 | D:1      | Reached skill level 1 in Maces & Flails
  1202 | D:1      | Reached skill level 1 in Polearms
  1202 | D:1      | Reached skill level 1 in Staves
  1202 | D:1      | Reached skill level 1 in Slings
  1202 | D:1      | Reached skill level 1 in Bows
  1202 | D:1      | Reached skill level 1 in Crossbows
  1202 | D:1      | Reached skill level 1 in Throwing
  1202 | D:1      | Reached skill level 1 in Armour
  1202 | D:1      | Reached skill level 1 in Shields
  1202 | D:1      | Reached skill level 1 in Unarmed Combat
  1202 | D:1      | Reached skill level 1 in Spellcasting
  1202 | D:1      | Reached skill level 1 in Evocations
  1597 | D:2      | Reached XP level 4. HP: 37/41 MP: 5/5
  1603 | D:2      | Identified a scroll of acquirement
  1603 | D:2      | Acquired 986 gold pieces
  2131 | D:2      | Got the Collected Works on Dislocation and Darkness
  2137 | D:2      | Learned a level 4 spell: Iskenderun's Mystic Blast
  2272 | D:2      | Killed Robin
  2273 | D:2      | Reached skill level 1 in Conjurations
  2273 | D:2      | Reached skill level 1 in Hexes
  2273 | D:2      | Reached skill level 1 in Summonings
  2273 | D:2      | Reached skill level 1 in Necromancy
  2273 | D:2      | Reached skill level 1 in Translocations
  2273 | D:2      | Reached skill level 1 in Transmutations
  2273 | D:2      | Reached skill level 1 in Fire Magic
  2273 | D:2      | Reached skill level 1 in Ice Magic
  2273 | D:2      | Reached skill level 1 in Air Magic
  2273 | D:2      | Reached skill level 1 in Earth Magic
  2273 | D:2      | Reached skill level 1 in Poison Magic
  3161 | D:3      | Reached XP level 5. HP: 47/47 MP: 6/6
  3593 | D:4      | Killed Pikel
  3594 | D:4      | Reached skill level 5 in Axes
  3594 | D:4      | Reached skill level 5 in Dodging
  3594 | D:4      | Reached XP level 6. HP: 18/55 MP: 7/9
  3594 | D:4      | Reached XP level 7. HP: 20/60 MP: 7/10
  3927 | D:4      | Found a staircase to the Ecumenical Temple.
  3934 | Temple   | Entered the Ecumenical Temple
  3996 | Temple   | Became a worshipper of Gozag Ym Sagoz the Greedy
  4379 | D:4      | Noticed Eustachio
  4389 | D:4      | Noticed Menkaure
  4791 | D:5      | Mangled by Menkaure

Illustrated notes

Levels and vault maps discovered:
D:1:      matt_arrival_diagonals, layout_rooms
D:2:      layout_basic, basic_altar, ebering_ecumenical_altar_mist, uniq_robin
D:3:      layout_loops_cross
D:4:      layout_basic, minmay_temple_entry_slanted, serial_shops,
          nicolae_diamond_shop, dreamdust_princess_corridor,
          minmay_misc_feat_secret_circle, chequers_serial_rivers_large_b,
          uniq_pikel, uniq_natasha, uniq_eustachio, uniq_ijyb, uniq_menkaure,
          uniq_blork_the_orc
D:5:      layout_layer_cave, serial_shops, nicolae_take_the_stairs, shop,
          shop_fountains, nrook_campfire
D:6:      layout_cave_pools, lemuel_crystal_altar, palyth_stone_intersect
Temple:   compressed_dpeg_triangle_lava_temple

Skill      XL: |  1  2  3  4  5 |
---------------+----------------+-----
Stealth        | |  9.9
Invocations    | 1 2 |  2.9
Short Blades   | 1 2 |  2.6
Long Blades    | 1 2 |  2.6
Maces & Flails | 1 2 |  2.6
Polearms       | 1 2 |  2.6
Staves         | 1 2 |  2.6
Slings         | 1 2 |  2.6
Bows           | 1 2 |  2.6
Crossbows      | 1 2 |  2.6
Throwing       | 1 2 |  2.6
Armour         | 1 2 |  2.6
Shields        | 1 2 |  2.6
Unarmed Combat | 1 2 |  2.6
Spellcasting   | 1 2 |  2.6
Evocations     | 1 2 |  2.6
Conjurations   | 1 2 |  2.1
Hexes          | 1 2 |  2.1
Summonings     | 1 2 |  2.1
Necromancy     | 1 2 |  2.1
Translocations | 1 2 |  2.1
Transmutations | 1 2 |  2.1
Fire Magic     | 1 2 |  2.1
Ice Magic      | 1 2 |  2.1
Air Magic      | 1 2 |  2.1
Earth Magic    | 1 2 |  2.1
Poison Magic   | 1 2 |  2.1
Fighting       | 7 |  7.1
Axes           | 5 |  5.3
Dodging        | 5 |  5.3

Action                   |  1- 3 |  4- 6 |  7- 9 || total
-------------------------+-------+-------+-------++-------
Melee: Hand axe          |    91 |   102 |    39 ||   232
       Bite              |    12 |    12 |     4 ||    28
       Punch             |     2 |     1 |     1 ||     4
 Fire: Hunting sling     |       |     3 |       ||     3
Throw: Dart              |       |       |     4 ||     4
       Boomerang         |       |       |     1 ||     1
Evoke: Wand              |     9 |     4 |       ||    13
  Use: Scroll            |     2 |    10 |     1 ||    13
       Potion            |     2 |     3 |     3 ||     8
 Stab: Paralysed         |    11 |     2 |       ||    13
       Sleeping          |    15 |     6 |     1 ||    22
       Distracted        |       |       |     1 ||     1
Armor: Leather armour    |    27 |    10 |       ||    37
       Ring mail         |       |     9 |    14 ||    23
Dodge: Dodged            |    74 |    51 |    27 ||   152

Table legend: (Time is in decaauts)
 A = Elapsed time spent in this place.
 B = Non-inter-level travel time spent in this place.
 C = Inter-level travel time spent in this place.
 D = Time resting spent in this place.
 E = Time spent auto-exploring this place.
 F = Levels seen in this place.
 G = Mean time per level.
                   A        B        C        D        E       F      G
               +--------+--------+--------+--------+--------+-----+--------+
         Total |   4755 |   4622 |    133 |   1210 |   2141 |   7 |  679.3 |
       Dungeon |   4399 |   4288 |    111 |   1210 |   1828 |   6 |  733.2 |
        Temple |    355 |    334 |     21 |      0 |    313 |   1 |  355.0 |
               +--------+--------+--------+--------+--------+-----+--------+

Top non-repeatable levels by time:
     D:3: 1708 daAuts
     D:2: 1324 daAuts
     D:4: 647 daAuts
     D:1: 623 daAuts
  Temple: 355 daAuts
     D:5: 64 daAuts
     D:6: 31 daAuts
